 Dungeon Crawl Stone Soup version 0.22.0-13-g43fe8f24b8 (webtiles) character file.

123 PentaManta the Covert (level 4, 0/23 HPs)
             Began as a Spriggan Assassin on Aug 17, 2018.
             Slain by a worker ant (3 damage)
             ... on level 2 of the Dungeon.
             The game lasted 00:06:14 (2089 turns).

PentaManta the Covert (Spriggan Assassin)           Turns: 2089, Time: 00:06:15

Health: 0/23       AC:  3    Str:  7    XL:     4   Next: 80%
Magic:  5/5        EV: 17    Int: 12    God:
Gold:   58         SH:  0    Dex: 18    Spells: 3/3 levels left

rFire    . . .     SeeInvis +   a - +2 dagger
rCold    . . .     Gourm    .   (shield restricted)
rNeg     . . .     Faith    .   c - +0 robe
rPois    .         Spirit   .   (helmet restricted)
rElec    .         Reflect  .   d - +0 cloak
rCorr    .         Harm     .   (gloves unavailable)
MR       .....                  (boots unavailable)
Stlth    ++++......             (no amulet)
HPRegen  0.07/turn              (no ring)
MPRegen  0.09/turn              (no ring)

@: lethally poisoned (0 -> -6), very quick
A: very small, unfitting armour, see invisible, herbivore, speed 3, slow
metabolism 2
a: no special abilities


You were on level 2 of the Dungeon.
You were not hungry.

You visited 1 branch of the dungeon, and saw 2 of its levels.

You collected 58 gold pieces.

Inventory:

Hand Weapons
 a - a +2 dagger (weapon)
 b - a +0 blowgun
Missiles
 e - 8 poisoned needles
 f - 2 curare-tipped needles
Armour
 c - a +0 robe (worn)
 d - a +0 cloak (worn)
Jewellery
 r - an uncursed ring of stealth {unknown}
Scrolls
 k - 2 scrolls of fog {unknown}
 l - a scroll of remove curse {unknown}
 m - a scroll of enchant weapon {unknown}
 o - a scroll of amnesia {unknown}
 p - a scroll of magic mapping {unknown}
 q - a scroll of enchant armour {unknown}
Potions
 h - a potion of might {unknown}
 i - 2 potions of cancellation {unknown}
 j - 2 potions of curing {unknown}
 n - 2 potions of heal wounds {unknown}
Comestibles
 g - 6 rations


   Skills:
 + Level 2.1 Fighting
 * Level 3.5 Short Blades
 - Level 2.0 Throwing
 - Level 1.5 Dodging
 - Level 8.0 Stealth


You had 3 spell levels left.
You didn't know any spells.
Your spell library was empty.

Dungeon Overview and Level Annotations

Branches:
Dungeon (2/15)

Altars:


Innate Abilities, Weirdness & Mutations

You are very small and have problems with some larger weapons.
You are too small for most types of armour.
You have supernaturally acute eyesight. (SInv)
You are a herbivore.
You cover ground extremely quickly.
You need to consume almost no food.


Message History

You hit the adder.
The adder is severely wounded.
The adder completely misses you.
You hit the adder.
You kill the adder!
You hit the worker ant.
The worker ant is lightly wounded.
You completely miss the worker ant.
The worker ant is lightly wounded.
You feel sick.
You are no longer poisoned.
The worker ant bites you.
* * * LOW HITPOINT WARNING * * *
You are lethally poisoned!
The worker ant poisons you!
You barely miss the worker ant.
The worker ant is lightly wounded.
* * * LOW HITPOINT WARNING * * *
You feel sick. The worker ant bites you.
You die...

#†........# #..#'#........#
####.##.### #.##.##.#######
#.##[# #..#.(†#..# ###.##.#
#.#######.###
##....#)#####.#).÷..#...#
#.............#.....'...#
#.....#÷###..#########..#
#..#.#...##(.#......?#..#
#.....÷#..##@aK.....(#..#####
#.##.#....#..#......?#.......
#.##.........#########.#.#...
#.......#.##..#.....'..#.#..#
####..###.###.#.....#....#..#
#..# #.# #.#######..###..#
#..# #.# #..#((.#..## #..#
###..###.# ##.##.##.## #..#
#........# #..#'#..# #...


You could see a worker ant and a kobold.

Vanquished Creatures
  Natasha (D:2)
  3 adders (D:2)
  An ooze (D:2)
  A worm (D:2)
  3 dart slugs
  3 leopard geckos
  4 giant cockroaches
  5 goblins
  4 hobgoblins
  4 jackals
  7 kobolds
  A quokka (D:2)
  3 ball pythons
  8 bats
  6 frilled lizards
  2 rats
56 creatures vanquished.

Notes
Turn   | Place    | Note
-------+----------+-------------------------------------------
     0 | D:1      | PentaManta the Spriggan Assassin began the quest for the Orb.
     0 | D:1      | Reached XP level 1. HP: 10/10 MP: 2/2
    14 | D:1      | Reached skill level 6 in Stealth
    72 | D:1      | Reached XP level 2. HP: 11/14 MP: 3/3
   467 | D:1      | Reached skill level 7 in Stealth
  1195 | D:1      | Reached XP level 3. HP: 18/18 MP: 4/4
  1644 | D:2      | Reached skill level 8 in Stealth
  1739 | D:2      | Reached XP level 4. HP: 14/23 MP: 5/5
  1953 | D:2      | Noticed Natasha
  2055 | D:2      | Killed Natasha
  2089 | D:2      | Slain by a worker ant

Skill      XL: |  1  2  3  4 |
---------------+-------------+-----
Stealth        | 6 7 8 |  8.0
Short Blades   | 3 |  3.5
Fighting       | 2 |  2.1
Throwing       | |  2.0
Dodging        | |  1.5

Action                   |  1- 3 |  4- 6 || total
-------------------------+-------+-------++-------
Melee: Dagger            |   144 |    47 ||   191
 Stab: Sleeping          |    14 |     6 ||    20
       Distracted        |       |     1 ||     1
Armor: Robe              |    19 |     2 ||    21
Dodge: Dodged            |   105 |    35 ||   140
